AoeStats
← HD_Daniel

MegaRandom

505792318Analyzed
4v4 RM · 21d ago on Sep 11, 2026· 32m 31s· 8 players
Game mode
Random Map
Map size
Large (8 player)
Population
200
Speed
Normal
Resources
Standard
Victory
Conquest
Starting age
Dark Age
Ending age
Imperial Age
RankedLock teamsTeams togetherTeam positionsShared explorationLock speedFull tech treeHidden civsTurbo modeCheats
Victory
Defeat
🇲🇽 Maya · Mexico
1437
+15
🇲🇽 Shu · Mexico
1418
+16
🇲🇽 Khmer · Mexico
1416
+16
🇲🇽 Mongols · Mexico
1405
+17
🇻🇳 Mongols · Vietnam
1459
-17
🇫🇷 Khmer · France
1448
-17
🇮🇳 Wei · India
1429
-16
🇨🇳 Franks · China
1358
-14
Koatlistak
0:36 Loom
10:07 Feudal Age
11:31 Double-Bit Axe
12:50 Gold Mining
14:13 Fletching
15:48 Wheelbarrow
21:15 Castle Age
20:15 Stone Mining
21:16 Crossbowman
21:53 Bodkin Arrow
21:59 Padded Archer Armor
22:52 Bow Saw
23:51 Gold Shaft Mining
23:59 Horse Collar
24:45 Town Watch
27:09 Thumb Ring
27:58 Heavy Plow
30:45 Ballistics
31:26 Leather Archer Armor
HD_Daniel
9:02 Loom
11:26 Feudal Age
15:59 Castle Age
14:18 Double-Bit Axe
22:36 Forging
22:56 Bloodlines
24:58 Iron Casting
25:06 Husbandry
26:03 Scale Barding Armor
31:21 Imperial Age
29:04 Gold Mining
32:58 Bow Saw
32:48 Horse Collar
Mr_Mantequilla
0:32 Loom
10:01 Feudal Age
15:04 Castle Age
14:14 Double-Bit Axe
16:23 Forging
18:14 Bloodlines
20:46 Iron Casting
20:48 Horse Collar
23:37 Bow Saw
27:25 Husbandry
27:36 Heavy Plow
29:21 Scale Barding Armor
30:37 Gold Mining
30:38 Stone Mining
31:42 Wheelbarrow
GEN0S
0:26 Loom
10:28 Feudal Age
11:30 Double-Bit Axe
16:07 Fletching
23:03 Castle Age
23:08 Crossbowman
23:44 Bodkin Arrow
24:15 Padded Archer Armor
24:22 Horse Collar
30:40 Leather Archer Armor
Dedpool_Aoe
0:33 Loom
10:55 Feudal Age
15:11 Castle Age
13:51 Double-Bit Axe
15:33 Fishing Lines
16:17 Gillnets
22:01 Bloodlines
22:51 Husbandry
23:48 Scale Barding Armor
23:54 Forging
25:30 Chain Barding Armor
25:17 Light Cavalry
28:11 Iron Casting
33:07 Imperial Age
RockAxe4356
8:08 Loom
10:50 Feudal Age
11:20 Double-Bit Axe
11:16 Horse Collar
11:43 Fishing Lines
18:21 Castle Age
19:12 Medium Warships
20:03 Bow Saw
19:56 Heavy Plow
19:34 Demolition Ship
21:28 Forging
25:31 Wheelbarrow
26:53 Gillnets
27:36 Scale Barding Armor
29:30 Bloodlines
29:21 Husbandry
29:54 Town Watch
33:55 Imperial Age
This is Kawaii
0:35 Loom
9:21 Feudal Age
18:16 Castle Age
21:58 Horse Collar
28:42 Fletching
29:07 Husbandry
30:02 Bodkin Arrow
35:18 Imperial Age
老头
14:05 Feudal Age
15:34 Loom
19:08 Castle Age
19:02 Scale Barding Armor
19:26 Forging
23:50 Iron Casting
Connection lost

Rejoining the realm…

Still unreachable

The connection could not be restored.

Session expired

The server has moved on; the page needs a fresh start.